 Dungeon Crawl Stone Soup version 0.17.1-3-g152610e (webtiles) character file.

292 MrTails the Chopper (level 6, -1/48 HPs)
             Began as a Demonspawn Berserker on Feb 23, 2016.
             Was a Believer of Trog.
             Killed by nerve-wracking pain
             ... invoked by Grinder
              (7 damage)
             ... on level 3 of the Dungeon on Feb 24, 2016.
             The game lasted 00:05:31 (2204 turns).

MrTails the Chopper (Demonspawn Berserker)          Turns: 2204, Time: 00:05:32

Health: -1/48      AC: 10    Str: 24    XL:     6   Next: 10%
Magic:  6/6        EV:  7    Int:  9    God:    Trog [**....]
Gold:   111        SH: 10    Dex: 12    Spells: 0 memorised, 5 levels left

rFire  . . .     SeeInvis .     a - +0 hand axe
rCold  . . .     Clarity  .     j - +0 scale mail
rNeg   . . .     SustAt   .     q - +0 shield
rPois  .         Gourm    .     r - +0 helmet
rElec  .         Spirit   .     (no cloak)
rCorr  .         Warding  .     (no gloves)
rMut   .         Stasis   .     (no boots)
MR     .....                    (no amulet)
Stlth  ..........               (no ring)
                                (no ring)

@: mighty, exhausted, not resistant to hostile enchantments, extremely
unstealthy
A: large bone plates 1, powered by pain 1
a: Berserk, Trog's Hand, Burn Spellbooks, Renounce Religion


You were on level 3 of the Dungeon.
You worshipped Trog.
Trog was pleased with you.
You were not hungry.

You visited 1 branch of the dungeon, and saw 4 of its levels.

You collected 111 gold pieces.

Inventory:

Hand Weapons
 a - a +0 hand axe (weapon)
Armour
 j - a +0 scale mail (worn)
 q - a +0 shield (worn)
 r - a +0 helmet (worn)
Scrolls
 d - 5 scrolls of teleportation {unknown}
 e - a scroll of random uselessness {unknown}
 f - a scroll of magic mapping {unknown}
 g - a scroll of enchant weapon {unknown}
 h - 2 scrolls of enchant armour {unknown}
 k - a scroll of blinking {unknown}
 l - 3 scrolls of identify {unknown}
 m - a scroll of amnesia {unknown}
 n - a scroll of fog {unknown}
 p - a scroll of remove curse {unknown}
Potions
 b - a potion of mutation {unknown}
 s - a potion of flight {unknown}
 u - a potion of brilliance {unknown}
Comestibles
 c - 2 bread rations
 i - a slice of pizza


   Skills:
 + Level 4.1 Fighting
 * Level 4.8 Axes
 + Level 3.3 Armour
 - Level 1.7 Dodging


You had 5 spell levels left.
You didn't know any spells.

Dungeon Overview and Level Annotations

Branches:
Dungeon (4/15)
 Temple: D:4-7

Altars:

Annotations:
D:3 Grinder
D:4 SaintRoka's ghost, amateur DDCj


Innate Abilities, Weirdness & Mutations

You are partially covered in large bone plates (AC +2, SH +2).
You sometimes gain a little power by taking damage.


Message History

You resist with significant effort.
Grinder says, "My boss said I was rubbish.
His entrails said otherwise."
Grinder gestures.
Grinder blinks!
Grinder gestures at you. Pain shoots through your body!
* * * LOW HITPOINT WARNING * * *
You focus on the pain.
You feel very mighty all of a sudden.
Grinder gestures.
Grinder blinks!
Grinder gestures at you. Pain shoots through your body!
* * * LOW HITPOINT WARNING * * *
You feel yourself speed up.
Grinder gestures.
Grinder blinks!
Grinder gestures at you. Pain shoots through your body!
You die...

#.#.# #..#....5..)(..# #.#.#
#..#.#####..#..# #######.#.#
#.........#.#..## ........#.#
###.#)...........)
#####...#.#
#.§.########.#.### #...#†#
#.### #(#.# ####...#.## #5#
#.#.# #.........### #.# #.#.#
##...........# #@# #.#..
.#.....>)))#.# #.# #.###
........#(##.###.##########.#
.####...#%#...##.##........>#
.####...#.(.#.......#########
.........##...##...##
.#######.#...#####.#
#.....##.#.### #.#
#.##.#....#######.#


You could see Grinder.

Vanquished Creatures
  Sigmund (D:2)
  Terence (D:2)
  An adder (D:2)
  4 gnolls (D:3)
  2 worms
  2 giant geckos
  An orc (D:3)
  A giant cockroach (D:2)
  6 hobgoblins
  4 jackals (D:3)
  9 kobolds
  2 quokkas (D:2)
  9 bats
  A giant newt (D:1)
  8 goblins
  5 rats
57 creatures vanquished.

Notes
Turn   | Place    | Note
--------------------------------------------------------------
     0 | D:1      | MrTails the Demonspawn Berserker began the quest for the Orb.
     0 | D:1      | Reached XP level 1. HP: 18/18 MP: 1/1
   316 | D:1      | Gained mutation: You sometimes gain a little power by taking damage. [demonic ancestry]
   316 | D:1      | Reached XP level 2. HP: 18/24 MP: 2/2
   959 | D:2      | Noticed Sigmund
   974 | D:2      | Killed Sigmund
   974 | D:2      | Reached skill level 4 in Axes
   974 | D:2      | Reached XP level 3. HP: 30/30 MP: 3/3
   974 | D:2      | Reached XP level 4. HP: 36/37 MP: 4/4
   974 | D:2      | Gained mutation: You are partially covered in large bone plates (AC +2, SH +2). [demonic ancestry]
   974 | D:2      | Reached XP level 5. HP: 41/42 MP: 5/5
  1282 | D:2      | Reached ** piety under Trog
  1586 | D:2      | Noticed Terence
  1610 | D:2      | Killed Terence
  1949 | D:3      | Reached XP level 6. HP: 48/48 MP: 6/6
  2065 | D:3      | Noticed Grinder
  2104 | D:3      | Paralysed by Grinder for 2 turns
  2115 | D:4      | Noticed SaintRoka's ghost (amateur DDCj)
  2170 | D:3      | Paralysed by Grinder for 2 turns
  2204 | D:3      | Killed from afar by Grinder

Action                   |  1- 3 |  4- 6 || total
-------------------------+-------+-------++-------
Melee: Hand axe          |    57 |   172 ||   229
Invok: Berserk           |     1 |     3 ||     4
  Use: Potion            |     1 |       ||     1
 Stab: Sleeping          |     1 |       ||     1
  Eat: Chunk             |       |     3 ||     3
       Bread ration      |       |     1 ||     1
       Beef jerky        |       |     1 ||     1
